 Dungeon Crawl Stone Soup version 0.30-a0-393-g54b8e3be05 (webtiles) character file.

Game seed: 5637844909157959391

184 bande the Trooper (level 5, -14/33 HPs)
             Began as a Gargoyle Fighter on Dec 6, 2022.
             Killed from afar by Natasha (17 damage)
             ... with a bolt of light
             ... on level 3 of the Dungeon.
             The game lasted 00:03:25 (2164 turns).

bande the Trooper (Gargoyle Fighter)                Turns: 2164, Time: 00:03:25

Health: -14/33     AC: 11    Str: 20    XL:     5   Next: 63%
Magic:  5/5        EV:  9    Int:  8    God:
Gold:   133        SH:  4    Dex: 11    Spells: 4/4 levels left

rFire   . . .      SeeInvis .    a - +0 war axe
rCold   . . .      Faith    .    c - +0 buckler
rNeg    + . .      Spirit   .    b - +0 scale mail
rPois   ∞          Reflect  .    (no helmet)
rElec   +          Harm     .    (no cloak)
rCorr   .          Rampage  .    (no gloves)
Will    .....                    (no boots)
Stlth   ..........               (no amulet)
HPRegen 0.25/turn                (no ring)
MPRegen 0.09/turn                (no ring)

@: slowed, very slow
A: sickness immunity, AC +4, negative energy resistance 1, electricity
resistance, torment resistance 1, petrification resistance
a: no special abilities


You were on level 3 of the Dungeon.
You visited 1 branch of the dungeon, and saw 3 of its levels.
You also visited: Sewer.

You collected 133 gold pieces.

Inventory:

Hand Weapons
 a - a +0 war axe (weapon)
Armour
 b - a +0 scale mail (worn)
 c - a +0 buckler (worn)
Scrolls
 f - a scroll of noise {unknown}
 g - a scroll of poison {unknown}
 h - 3 scrolls of vulnerability {unknown}
 i - a scroll of amnesia {unknown}
 k - a scroll of fear {unknown}
 m - 3 scrolls of identify {unknown}
 o - a scroll of acquirement {unknown}
 r - 2 scrolls of teleportation {unknown}
 s - a scroll of enchant armour {unknown}
 t - a scroll of blinking {unknown}
Potions
 d - a potion of might
 e - 2 potions of mutation {unknown}
 j - 2 potions of heal wounds
 l - a potion of haste {unknown}
 n - a potion of berserk rage {unknown}
 p - a potion of brilliance {unknown}
 q - 2 potions of curing {unknown}


   Skills:
 + Level 4.2 Fighting
 + Level 3.7 Axes
 + Level 4.0 Armour
 - Level 0.2 Stealth
 + Level 3.9 Shields


You had 4 spell levels left.
You didn't know any spells.
Your spell library contained the following spells:

 Spells                   Type           Power      Damage    Failure   Level
 Summon Small Mammal      Summ           0%         N/A       85%         1
 Call Canine Familiar     Summ           0%         N/A       99%         3
 Summon Guardian Golem    Hex/Summ       0%         N/A       99%         3


Dungeon Overview and Level Annotations

Branches:
Dungeon (3/15)              Sewer (visited)

Altars:

Annotations:
D:3 Natasha


Innate Abilities, Weirdness & Mutations

You are immune to sickness and miasma.
Your stone body is resilient. (AC +4)
You are immune to poison.
You resist negative energy. (rN+)
You are resistant to electric shocks. (rElec)
You are resistant to unholy torment.
You are immune to petrification.


Message History

Unknown command.
You're too confused to move!
Natasha closely misses you. The crimson imp completely misses you.
Natasha closely misses you.
The crimson imp blinks!
Natasha attacks as you move away! Natasha misses you.
You feel less confused. Natasha casts a spell at you.
You feel as though you will be slow longer.
Unknown command.
It was a potion of heal wounds.
You feel much better.
The crimson imp laughs crazily.
The crimson imp blinks!
Natasha claws you but does no damage.
You hit Natasha.
Natasha is moderately wounded.
Natasha claws you but does no damage.
Natasha stares at you and mumbles some strange words.
You feel as though you will be slow longer.
The crimson imp barely misses you.
You miss Natasha.
Natasha is moderately wounded.
You hit the crimson imp.
Natasha zaps a wand.
The bolt of light hits you!
The crimson imp hits you but does no damage.
Natasha zaps a wand.
The bolt of light hits you!
You are confused.
The crimson imp hits you but does no damage.
Natasha zaps a wand.
The bolt of light hits you!
* * * LOW HITPOINT WARNING * * *
The crimson imp barely misses you. Natasha claws you but does no damage.
Unknown command.
You miss the crimson imp.
The crimson imp is lightly wounded.
You miss Natasha.
You feel less confused.
The crimson imp hits you but does no damage.
Natasha casts a spell at you. You resist with some effort.
The crimson imp hits you but does no damage.
Natasha zaps a wand.
The bolt of light hits you!
Ouch! That really hurt!
You die...

#........#....#.♣***♣...########.
.........#......♣*,*♣...#*######.
................♣***♣............
.#.#####..#.##..♣♣♣♣♣............
.#.....##.#.##...♣♣....[.........
..####.................(.....(...
.......................#.........
####................#............
#.....##.....5@......##*#######
#.#####.....>h....†...#********
##.####....######..##...#*,,,,,,
##..##......<..# #.....,...,,,,,,
#....).........# ######..,.,,,,>,
######.........# *****,,,,,,
########### *,,,,,, *,,,,,,
*,,,*,*


You could see Natasha and a crimson imp (summoned).

Vanquished Creatures
  Natasha (twice) (D:3)
  8 adders
  2 worms
  2 orcs (D:3)
  4 endoplasms
  4 giant cockroaches
  5 goblins
  4 hobgoblins
  5 jackals
  A quokka (D:3)
  5 ball pythons
  2 bats (D:1)
  6 frilled lizards
  3 kobolds
  5 rats (D:3)
  A toadstool (D:1)
59 creatures vanquished.

Vanquished Creatures (others)
  3 toadstools (D:1)
3 creatures vanquished.

Grand Total: 62 creatures vanquished

Notes
Turn   | Place    | Note
-------+----------+-------------------------------------------
     0 | D:1      | bande the Gargoyle Fighter began the quest for the Orb.
     0 | D:1      | Reached XP level 1. HP: 14/14 MP: 1/1
   178 | D:1      | Reached XP level 2. HP: 15/20 MP: 2/2
   231 | D:1      | Found a faded altar of an unknown god.
  1053 | D:2      | Reached XP level 3. HP: 24/24 MP: 3/3
  1418 | D:3      | Found a glowing drain.
  1422 | Sewer    | Entered a sewer
  1449 | Sewer    | Reached XP level 4. HP: 27/29 MP: 4/4
  1766 | Sewer    | Reached XP level 5. HP: 33/33 MP: 5/5
  1938 | D:3      | Noticed Natasha
  1945 | D:3      | Killed Natasha
  2132 | D:3      | Noticed Natasha
  2138 | D:3      | Killed Natasha
  2146 | D:3      | Noticed Natasha
  2164 | D:3      | Killed from afar by Natasha

Illustrated notes

Levels and vault maps discovered:
D:1:      ldierk_water_garden, layout_basic,
          hellmonk_ecumenical_altar_dog_temple
D:2:      layout_rooms
D:3:      layout_rooms, gup_sewer_entry_bowl, grunt_ministairs_9,
          hangedman_decor_growths, nrook_campfire, minmay_surrounded,
          uniq_natasha

Skill      XL: |  1  2  3  4  5 |
---------------+----------------+-----
Axes           | 2 3 |  3.7
Fighting       | 4 |  4.2
Armour         | 4 |  4.0
Stealth        | |  0.2
Shields        | |  3.9

Action                   |  1- 3 |  4- 6 || total
-------------------------+-------+-------++-------
Melee: War axe           |   114 |   128 ||   242
  Use: Scroll            |     1 |       ||     1
       Potion            |       |     1 ||     1
Armor: Scale mail        |    53 |    91 ||   144
Dodge: Dodged            |    59 |    70 ||   129
Block: Buckler           |    26 |    36 ||    62

Table legend: (Time is in decaauts)
 A = Elapsed time spent in this place.
 B = Non-inter-level travel time spent in this place.
 C = Inter-level travel time spent in this place.
 D = Time resting spent in this place.
 E = Time spent auto-exploring this place.
 F = Levels seen in this place.
 G = Mean time per level.
                   A        B        C        D        E       F      G
               +--------+--------+--------+--------+--------+-----+--------+
         Total |   2331 |   2331 |      0 |      0 |   1635 |   4 |  582.8 |
       Dungeon |   1835 |   1835 |      0 |      0 |   1384 |   3 |  611.7 |
         Sewer |    495 |    495 |      0 |      0 |    250 |   1 |  495.0 |
               +--------+--------+--------+--------+--------+-----+--------+

Top non-repeatable levels by time:
     D:1: 945 daAuts
     D:3: 523 daAuts
   Sewer: 495 daAuts
     D:2: 366 daAuts
